 Dungeon Crawl Stone Soup version 0.21-a0-153-g78480df (webtiles) character file.

747 4thArraOfDagon the Slasher (level 7, -1/52 HPs)
             Began as a Mummy Warper on Aug 1, 2017.
             Was a Priest of Cheibriados.
             Slain by an orc warrior
             ... wielding a +0 battleaxe
              (23 damage)
             ... on level 5 of the Dungeon.
             The game lasted 00:08:55 (3609 turns).

4thArraOfDagon the Slasher (Mummy Warper)           Turns: 3609, Time: 00:08:56

Health: -1/52      AC:  5    Str: 23    XL:     7   Next: 48%
Magic:  4/11       EV: 13    Int: 22    God:    Cheibriados [***...]
Gold:   257        SH:  0    Dex: 17    Spells: 5/11 levels left

rFire    . . .     SeeInvis .   j - +5 short sword
rCold    . . .     Gourm    .   (no shield)
rNeg     + + +     Faith    .   f - +0 ring mail
rPois    ∞         Spirit   .   (no helmet)
rElec    .         Reflect  .   (no cloak)
rCorr    .         Harm     .   (no gloves)
MR       .....                  (no boots)
Stlth    +.........             (no amulet)
HPRegen  0.17/turn              h - -2 ring of dexterity (curse)
MPRegen  0.12/turn              p - ring of fire

@: very slow
A: no food or potions, fire vulnerability, cold resistance 1, negative energy
resistance 3, torment resistance, unbreathing
a: Bend Time, Temporal Distortion, Renounce Religion


You were on level 5 of the Dungeon.
You worshipped Cheibriados.
Cheibriados was most pleased with you.
You were not hungry.

You visited 1 branch of the dungeon, and saw 5 of its levels.

You collected 257 gold pieces.

Inventory:

Hand Weapons
 a - a +0 falchion
 j - a +5 short sword (weapon)
 l - a +0 long sword
Missiles
 e - a tomahawk of dispersal
 i - 4 steel tomahawks (quivered)
 n - 4 tomahawks of returning
Armour
 b - a +0 leather armour
 f - a +0 ring mail (worn)
Jewellery
 h - a cursed -2 ring of dexterity (left hand)
 p - a ring of fire (right hand)
Scrolls
 d - a scroll of blinking
 g - 3 scrolls of identify
 k - 2 scrolls of recharging
 m - a scroll of enchant weapon
 o - 2 scrolls of noise
 q - a scroll of remove curse {unknown}
 r - a scroll of fog {unknown}
Books
 c - a book of Spatial Translocations

   Spells                             Type                      Level
   a - Blink                          Translocation                2
   b - Shroud of Golubria             Charms/Translocation         2
   c - Lesser Beckoning               Translocation                3
   d - Gell's Gravitas                Translocation                3
   e - Teleport Other                 Translocation                3
   f - Passage of Golubria            Translocation                4


   Skills:
 + Level 3.4 Fighting
 * Level 4.5 Long Blades
 - Level 0.7 Throwing
 + Level 2.8 Armour
 + Level 3.2 Dodging
 - Level 2.6 Spellcasting
 - Level 2.4 Translocations
 + Level 2.4 Invocations


You had 5 spell levels left.
You knew the following spells:

 Your Spells              Type           Power        Failure   Level  Hunger
a - Blink                 Tloc           N/A          11%         2    N/A
b - Apportation           Tloc           ##....       8%          1    N/A
c - Lesser Beckoning      Tloc           ##........   22%         3    N/A

Dungeon Overview and Level Annotations

Branches:
Dungeon (5/15)
 Temple: D:4-7

Altars:
Cheibriados
Fedhas
Kikubaaqudgha
Nemelex Xobeh
The Shining One

Shops:
D:4 [

Annotations:
D:2 exclusion: door


Innate Abilities, Weirdness & Mutations

You do not eat or drink.
Your flesh is vulnerable to fire.
You are immune to poison.
Your flesh is cold resistant. (rC+)
You are immune to negative energy. (rN+++)
You are immune to unholy pain and torment.
You can survive without breathing.


Message History

Aim: an orc warrior, wielding a battleaxe and wearing a plate armour (severely wounded, slow)
You throw a steel tomahawk.
The steel tomahawk closely misses the orc warrior.
Unknown command.
Throwing (i - inventory. (,) - cycle):
i - 6 steel tomahawks (quivered)
Press: ? - help, Shift-Dir - straight line, f/p - orc warrior
Aim: an orc warrior, wielding a battleaxe and wearing a plate armour (severely wounded, slow)
You throw a steel tomahawk.
The steel tomahawk barely misses the orc warrior.
Unknown command.
Throwing (i - inventory. (,) - cycle):
i - 5 steel tomahawks (quivered)
Press: ? - help, Shift-Dir - straight line, f/p - orc warrior
Aim: an orc warrior, wielding a battleaxe and wearing a plate armour (severely wounded, slow)
You throw a steel tomahawk.
The steel tomahawk barely misses the orc warrior.
Unknown command.
You hit the orc warrior but do no damage.
The orc warrior is severely wounded.
The orc warrior hits you with a battleaxe!!
You die...

# # #(##.
## ....#
#.# #..##
#.#
#.o@###.#
#..#.#.#
..)..##)##
####.# #.#
#.# #.#
..# #.#
##.# #.#
#.# #.#
#.# #.#


You could see an orc warrior.

Vanquished Creatures
  A phantom (D:4)
  An ogre (D:5)
  A water moccasin skeleton (D:4)
  A howler monkey (D:4)
  3 hounds (D:4)
  2 orc priests (D:5)
  4 orc wizards
  Jessica (D:3)
  2 worker ants (D:4)
  5 adders
  2 oozes
  An adder zombie (D:5)
  An adder skeleton (D:4)
  4 leopard geckos
  10 orcs
  7 bats
  5 giant cockroaches
  10 goblins
  8 jackals
  6 kobolds
  2 quokkas
  A ball python (D:2)
  A ball python skeleton (D:4)
  6 frilled lizards
  A leopard gecko skeleton (D:4)
  8 rats
94 creatures vanquished.

Notes
Turn   | Place    | Note
-------+----------+-------------------------------------------
     0 | D:1      | 4thArraOfDagon the Mummy Warper began the quest for the Orb.
     0 | D:1      | Reached XP level 1. HP: 16/16 MP: 4/4
   217 | D:1      | Reached skill level 2 in Long Blades
   217 | D:1      | Reached skill level 1 in Armour
   220 | D:1      | Reached XP level 2. HP: 18/22 MP: 5/5
   493 | D:2      | Found a faded altar of an unknown god.
   495 | D:2      | Became a worshipper of Cheibriados the Contemplative
   495 | D:2      | Reached * piety under Cheibriados
   675 | D:1      | Reached XP level 3. HP: 19/27 MP: 7/7
  1105 | D:2      | Learned a level 2 spell: Blink
  1139 | D:2      | Reached ** piety under Cheibriados
  1159 | D:2      | Learned a level 1 spell: Apportation
  1264 | D:2      | Found a glowing golden altar of the Shining One.
  1619 | D:2      | Found a blossoming altar of Fedhas.
  1776 | D:3      | Learned a level 3 spell: Lesser Beckoning
  1912 | D:3      | Found a sparkling altar of Nemelex Xobeh.
  1954 | D:3      | Reached XP level 4. HP: 24/33 MP: 8/8
  2141 | D:3      | Reached skill level 3 in Long Blades
  2141 | D:3      | Reached skill level 1 in Invocations
  2330 | D:3      | Reached *** piety under Cheibriados
  2378 | D:3      | Noticed Jessica
  2383 | D:3      | Killed Jessica
  2383 | D:3      | Reached XP level 5. HP: 38/38 MP: 9/9
  2556 | D:4      | HP: 1/39 [hound (5)]
  2797 | D:4      | Noticed a phantom
  2921 | D:4      | Reached XP level 6. HP: 26/46 MP: 10/10
  3112 | D:4      | Found Nekoboos's Antique Armour Emporium.
  3149 | D:4      | Reached skill level 4 in Long Blades
  3224 | D:4      | Reached XP level 7. HP: 47/52 MP: 11/11
  3274 | D:4      | Reached **** piety under Cheibriados
  3425 | D:4      | Found an ancient bone altar of Kikubaaqudgha.
  3468 | D:5      | Entered Level 5 of the Dungeon
  3609 | D:5      | Slain by an orc warrior

Vault maps used:
D:1:      scummos_arrival_hexagon, minmay_crystal_room
D:2:      fedhas_altar_4, minmay_overflow_temple_star_hex, old_standard_altar,
          first_bread, chequers_ecumenical_altar_twisty, minmay_misc_feat_tiny
D:3:      nemelex_xobeh_ov_fountains_minmay, uniq_jessica
D:4:      kiku_gazebo_garden_becter, serial_shops, shop_statue,
          hangedman_abyss_or_decor_stagger, minmay_ruptured
D:5:      serial_shops, shop

Skill      XL: |  1  2  3  4  5  6  7 |
---------------+----------------------+-----
Long Blades    | 2 3 4 |  4.5
Armour         | 1 2 |  2.8
Dodging        | 2 3 |  3.2
Invocations    | 1 2 |  2.4
Fighting       | 3 |  3.4
Throwing       | |  0.7
Spellcasting   | |  2.6
Translocations | |  2.4

Action                   |  1- 3 |  4- 6 |  7- 9 || total
-------------------------+-------+-------+-------++-------
Melee: Falchion          |    80 |       |       ||    80
       Long sword        |    35 |       |       ||    35
       Short sword       |    16 |   155 |    43 ||   214
Throw: Tomahawk          |     1 |     1 |     5 ||     7
Invok: Bend Time         |       |     1 |     1 ||     2
       Slouch            |       |       |     1 ||     1
  Use: Scroll            |     1 |     4 |       ||     5
Armor: Leather armour    |    22 |       |       ||    22
       Ring mail         |    33 |    45 |     7 ||    85
Dodge: Dodged            |    91 |    93 |    30 ||   214
       Rpst.: Falchion   |    22 |       |       ||    22
       Long sword        |     9 |       |       ||     9
